 Dungeon Crawl Stone Soup version 0.30-a0-219-gf2db51d15e (webtiles) character file.

Game seed: 17191661762308795412

30 KennySheep the Ruffian (level 3, -3/31 HPs)
             Began as a Naga Transmuter on Oct 8, 2022.
             Killed from afar by Natasha (7 damage)
             ... with a magic dart
             ... on level 2 of the Dungeon.
             The game lasted 00:05:09 (1558 turns).

KennySheep the Ruffian (Naga Transmuter)            Turns: 1558, Time: 00:05:09

Health: -3/31      AC:  2    Str: 12    XL:     3   Next: 20%
Magic:  5/6        EV:  9    Int: 15    God:
Gold:   27         SH:  0    Dex: 11    Spells: 0/6 levels left

rFire   . . .      SeeInvis +      - Unarmed
rCold   . . .      Faith    .    (no shield)
rNeg    . . .      Spirit   .    a - +0 robe
rPois   +          Reflect  .    (helmet currently unavailable)
rElec   .          Harm     .    (no cloak)
rCorr   .          Rampage  .    (no gloves)
Will    .....                    (no barding)
Stlth   +.........               (no amulet)
HPRegen 0.25/turn                (no ring)
MPRegen 0.10/turn                (no ring)

@: appendages, very slow
A: horns 2, AC +1, large, see invisible, deformed body, poison resistance,
slowness 2, spit poison 1, naga tail 1
a: Spit Poison, End Transformation


You were on level 2 of the Dungeon.
You had temporarily grown beastly horns.
You visited 1 branch of the dungeon, and saw 2 of its levels.

You collected 95 gold pieces.
You spent 68 gold pieces at shops.

Inventory:

Armour
 a - a +0 robe (worn)
Jewellery
 k - a ring of ice
 m - an amulet of regeneration
Scrolls
 c - a scroll of blinking {unknown}
 e - 3 scrolls of identify {unknown}
 i - a scroll of immolation {unknown}
 j - a scroll of amnesia {unknown}
 l - a scroll of summoning
Potions
 b - a potion of lignification
 d - a potion of magic {unknown}
 f - 2 potions of haste {unknown}
 g - a potion of might {unknown}
 h - a potion of attraction {unknown}
 n - a potion of ambrosia {unknown}
 o - a potion of mutation {unknown}
 p - a potion of resistance {unknown}


   Skills:
 - Level 1.0 Fighting
 + Level 0.0 Maces & Flails
 - Level 1.5 Dodging
 - Level 3.0 Unarmed Combat
 - Level 2.0 Spellcasting
 + Level 0.0 Necromancy
 - Level 2.8 Transmutations
 - Level 2.4 Poison Magic


You couldn't memorise any spells.
You knew the following spells:

 Your Spells              Type           Power      Damage    Failure   Level
a - Beastly Appendage     Tmut           20%        N/A       7%          1
b - Wereblood             Tmut           10%        N/A       11%         2
z - Spider Form           Tmut/Pois      9%         N/A       22%         3

Your spell library contained the following spells:

 Spells                   Type           Power      Damage    Failure   Level
 Ice Form                 Ice/Tmut       5%         N/A       77%         4


Dungeon Overview and Level Annotations

Branches:
Dungeon (2/15)

Altars:

Shops:
D:2 (:(**

Annotations:
D:2 1 runed translucent door, Crazy Yiuf, Natasha


Innate Abilities, Weirdness & Mutations

You have temporarily grown beastly horns.
Your serpentine skin is tough. (AC +1)
You have supernaturally acute eyesight. (SInv)
Armour fits poorly on your strangely shaped body.
Your system is resistant to poisons. (rPois)
You cover ground very slowly.
You can spit poison.
You have a snake-like lower body.


Message History

No target in view!
Your horns disappear.
You now have 17 gold pieces (gained 13).
Found a chain mail.
You now have 27 gold pieces (gained 10).
e - 3 scrolls labelled ROZUOT YGEGH (gained 1)
You see here a +0 chain mail.
Natasha, Servant of Life and Death comes into view.
Natasha hisses angrily.
You hear a shout!
A hobgoblin comes into view.
There are monsters nearby!
There are monsters nearby!
You closely miss Natasha. Natasha claws you.
Casting: Beastly Appendage (safe; 7% risk of failure)
Confirm with . or Enter, or press ? or * to list all spells.
You grow a pair of large bovine horns.
Natasha barely misses you.
You hit Natasha.
Natasha is moderately wounded.
Natasha claws you.
You closely miss Natasha. Your headbutt misses Natasha.
Natasha is moderately wounded.
Natasha claws you!
You hit Natasha.
Natasha is heavily wounded.
Natasha mumbles some strange words.
You hit Natasha.
Natasha is almost dead.
Natasha casts a spell.
You closely miss Natasha.
Natasha is almost dead.
The white imp hits you. The white imp freezes you.
Natasha casts a spell at you. The magic dart hits you!
* * * LOW HITPOINT WARNING * * *
You hit Natasha.
Natasha is almost dead.
The white imp hits you but does no damage.
Natasha stares at you and mumbles some strange words.
The magic dart hits you!
You die...

#.######## #.........
#########.#####...
#......##.#.......
#.####.##.#.###.## #.#
#.##.#.#..... #.#
#.##.#.#.#.##
#######.####.##.........
......5@...#.####.#.#.##
#######h#..#.# #.#.#.##
g♣5.♣♣.####.#.#... ..
..♣♣[.......#... .#♣
~~♣♣♣.........#. #. ♣.P
♣♣#.#.#...#. ♣ .P♣
♣♣#....... ~~♣
P~P#######. .~.........


You could see Natasha, a crimson imp (summoned), a white imp (summoned) and a
hobgoblin.

Vanquished Creatures
  An adder (D:2)
  An endoplasm (D:1)
  4 giant cockroaches (D:1)
  2 goblins (D:1)
  2 hobgoblins
  2 kobolds (D:1)
  5 bats
  A rat (D:2)
18 creatures vanquished.

Notes
Turn   | Place    | Note
-------+----------+-------------------------------------------
     0 | D:1      | KennySheep the Naga Transmuter began the quest for the Orb.
     0 | D:1      | Reached XP level 1. HP: 18/18 MP: 3/3
   285 | D:1      | Reached skill level 1 in Poison Magic
   438 | D:1      | Reached XP level 2. HP: 23/25 MP: 3/5
   441 | D:1      | Learned a level 2 spell: Wereblood
   962 | D:2      | Found Haqod's Antique Weapon Shop.
  1028 | D:2      | Reached XP level 3. HP: 19/31 MP: 4/6
  1032 | D:2      | Learned a level 3 spell: Spider Form
  1078 | D:2      | Found Dietesut's Assorted Antiques.
  1086 | D:2      | Bought a scroll labelled RIAR VAFUIXEPP for 28 gold pieces
  1228 | D:2      | Found Ypapt's Antique Weapon Boutique.
  1276 | D:2      | Found a runed translucent door.
  1277 | D:2      | Noticed Crazy Yiuf
  1299 | D:2      | Found Xoahustre's Book Shop.
  1401 | D:2      | Found Xeentaal's Assorted Antiques.
  1405 | D:2      | Bought a viscous purple potion for 20 gold pieces
  1405 | D:2      | Bought a bubbling amethyst potion for 20 gold pieces
  1550 | D:2      | Noticed Natasha
  1558 | D:2      | Killed from afar by Natasha

Illustrated notes

Levels and vault maps discovered:
D:1:      reono_arrival_forest_river, layout_loops_cross, hex_tiny
D:2:      layout_basic, hellmonk_ecumenical_altar_watching_god, serial_shops,
          nicolae_shop_behind_doors, nicolae_shop_hallway_stairs, shop,
          nicolae_square_shop, shop, serial_bayou_crossing, uniq_natasha,
          uniq_crazy_yiuf_cottage

Skill      XL: |  1  2 |
---------------+-------+-----
Poison Magic   | 1 2 |  2.4
Fighting       | |  1.0
Dodging        | |  1.5
Unarmed Combat | |  3.0
Spellcasting   | |  2.0
Transmutations | |  2.8

Action                   || total
-------------------------++-------
Melee: Unarmed           ||    72
       Headbutt          ||     8
       Punch             ||     1
 Cast: Beastly Appendage ||    15
  Use: Scroll            ||     1
Armor: Robe              ||    26
Dodge: Dodged            ||    27

Table legend: (Time is in decaauts)
 A = Elapsed time spent in this place.
 B = Non-inter-level travel time spent in this place.
 C = Inter-level travel time spent in this place.
 D = Time resting spent in this place.
 E = Time spent auto-exploring this place.
 F = Levels seen in this place.
 G = Mean time per level.
                   A        B        C        D        E       F      G
               +--------+--------+--------+--------+--------+-----+--------+
         Total |   2003 |   1947 |     56 |      0 |   1756 |   2 | 1001.5 |
       Dungeon |   2003 |   1947 |     56 |      0 |   1756 |   2 | 1001.5 |
               +--------+--------+--------+--------+--------+-----+--------+

Top non-repeatable levels by time:
     D:1: 1213 daAuts
     D:2: 790 daAuts
